 Dungeon Crawl Stone Soup version 0.20.1-1-g8b1a95d (webtiles) character file.

499 Irenicus the Insei (level 7, -1/46 HPs)
             Began as an Octopode Chaos Knight on Oct 13, 2017.
             Killed by nerve-wracking pain
             ... invoked by kalagan's ghost
              (11 damage)
             ... in an ossuary.
             The game lasted 00:09:34 (3465 turns).

Irenicus the Insei (Octopode Chaos Knight)          Turns: 3465, Time: 00:09:34

Health: -1/46      AC:  1    Str: 11    XL:     7   Next: 16%
Magic:  7/7        EV: 13    Int: 15    God:    Xom [....*.]
Gold:   98         SH:  0    Dex: 13    Spells: 6/6 levels left

rFire    . . .     SeeInvis .     - Unarmed
rCold    . . .     Gourm    .   (no shield)
rNeg     . . .     Faith    .   (helmet restricted)
rPois    .         Spirit   .   (no amulet)
rElec    .         Reflect  .   w - ring of wizardry
rCorr    .         Harm     .   (no ring)
MR       .....                  (no ring)
Stlth    ++++......             (no ring)
Regen    0.2/turn               (no ring)
MPRegen  0.1/turn               (no ring)
                                (no ring)
                                (no ring)

@: no status effects
A: almost no armour, stealthy swim, amphibious, 8 rings, constrict 8, camouflage
1, gelatinous body 1
a: Renounce Religion


You were in an ossuary.
You worshipped Xom.
You were a beloved toy of Xom.
You were very hungry.

You visited 1 branch of the dungeon, and saw 5 of its levels.
You also visited: Ossuary.

You collected 137 gold pieces.
You spent 39 gold pieces at shops.

Inventory:

Hand Weapons
 r - a +6 club
Missiles
 n - 6 tomahawks (quivered)
 v - a throwing net
Armour
 t - a +0 buckler
Jewellery
 w - a ring of wizardry (left tentacle)
Wands
 q - a wand of acid (10/15)
 s - a wand of lightning (0/15)
Scrolls
 b - a scroll of random uselessness {unknown}
 c - 2 scrolls of amnesia
 k - a scroll of enchant weapon
 p - 4 scrolls of identify
Potions
 e - a potion of cancellation
 g - 2 potions of lignification {unknown}
 i - 3 potions of curing
 j - 2 potions of haste {unknown}
 l - a potion of resistance {unknown}
 m - 2 potions of magic {unknown}
 o - 3 potions of might {unknown}
 u - a potion of mutation {unknown}
Comestibles
 a - 4 bread rations
 d - 2 fruits
 f - 4 meat rations
 h - 2 royal jellies


   Skills:
 - Level 3.0 Fighting
 - Level 2.3 Dodging
 - Level 5.1 Stealth
 + Level 7.0 Unarmed Combat


You had 6 spell levels left.
You didn't know any spells.

Dungeon Overview and Level Annotations

Branches:
Dungeon (5/15)             Temple (0/1) D:4

Altars:
Fedhas
Sif Muna
Xom

Shops:
D:4 *

Annotations:
Ossuary kalagan's ghost, amateur VSNe


Innate Abilities, Weirdness & Mutations

You cannot wear most types of armour.
You are very stealthy in the water. (Stealth+)
You are amphibious.
You can wear up to eight rings at the same time.
You can use your tentacles to constrict eight enemies at once.
Your skin changes colour to match your surroundings (Stealth+).
Your rubbery body absorbs attacks. (AC +1, EV +1)


Message History

You hear a mighty clap of thunder!
The bolt of lightning misses kalagan's ghost.
The bolt of lightning hits kalagan's ghost.
Kalagan's ghost is severely damaged.
Evoking this partially-identified wand wasted a few charges.
Kalagan's ghost casts a spell at you. Pain shoots through your body!
* * * LOW HITPOINT WARNING * * *
Evoke which item? (* to show all) (? for menu, Esc to quit)
Aiming: Lightning Bolt (will waste charges)
Press: ? - help, Shift-Dir - straight line Nothing appears to happen.
Kalagan's ghost points at you and mumbles some strange words.
Pain shoots through your body!
* * * LOW HITPOINT WARNING * * *
Okay, then.
Kalagan's ghost casts a spell at you. Pain shoots through your body!
You die...
Xom giggles madly!

... #########'######
...#...#^^.#??.#
...8...'...#!.?'
.......#^..#.!!#
#8...8##############
.......#...#...#...#
...8...#...8W..'.∩.#
...#...#.....†.#@..#
#####'###8...8###'##
..?#^.^#.......#...#
?.M#...'...8...#.∩.#
?!?#...#...#...#...#
####################


You could see kalagan's ghost.

Vanquished Creatures
  A phantom (D:4)
  Blork the orc (D:4)
  A scorpion (Ossuary)
  2 centaur zombies (Ossuary)
  Jessica (D:3)
  3 worker ants
  4 adders
  A scorpion zombie (Ossuary)
  An ooze (D:3)
  4 worms
  A dart slug (D:1)
  A leopard gecko (D:2)
  4 orcs
  3 giant cockroaches
  3 goblins
  13 hobgoblins
  2 jackals (D:2)
  9 kobolds
  A quokka (D:2)
  2 ball pythons
  6 bats
  7 frilled lizards
  A goblin zombie (Ossuary)
  7 rats
79 creatures vanquished.

Notes
Turn   | Place    | Note
-------+----------+-------------------------------------------
     0 | D:1      | Irenicus the Octopode Chaos Knight began the quest for the Orb.
     0 | D:1      | Reached XP level 1. HP: 16/16 MP: 1/1
   182 | D:1      | Reached XP level 2. HP: 19/21 MP: 2/2
   469 | D:1      | XOM: mild Pois miscast
   496 | D:1      | XOM: harmless Ice miscast
   638 | D:1      | Reached skill level 4 in Unarmed Combat
   788 | D:2      | Reached XP level 3. HP: 22/26 MP: 3/3
   963 | D:2      | Found a deep blue altar of Sif Muna.
  1129 | D:2      | XOM: stat loss: -1 Str (10/11)
  1140 | D:2      | XOM: smoke on damage
  1345 | D:3      | Reached XP level 4. HP: 21/31 MP: 4/4
  1504 | D:3      | XOM is BORED!
  1566 | D:3      | Reached skill level 5 in Unarmed Combat
  1723 | D:3      | XOM: noise
  1742 | D:3      | Found a blossoming altar of Fedhas.
  1763 | D:3      | XOM: harmless Hex miscast
  1823 | D:3      | Noticed Jessica
  1830 | D:3      | Killed Jessica
  1830 | D:3      | Reached XP level 5. HP: 36/36 MP: 5/5
  1873 | D:3      | XOM: medium Tloc miscast
  2020 | D:4      | Found a staircase to the Ecumenical Temple.
  2025 | D:4      | XOM: repel stairs
  2026 | D:4      | Noticed Blork the orc
  2056 | D:4      | Reached skill level 1 in Stealth
  2068 | D:4      | Found Soesch's General Store.
  2081 | D:4      | Bought a potion of curing for 39 gold pieces
  2089 | D:4      | XOM: 1-stop teleportation journey
  2200 | D:4      | Killed Blork the orc
  2200 | D:4      | Reached XP level 6. HP: 39/42 MP: 6/6
  2465 | D:4      | Noticed a phantom
  2593 | D:4      | Reached skill level 5 in Stealth
  2786 | D:3      | XOM: harmless Pois miscast
  2924 | D:4      | XOM: scenery: create altars
  2946 | D:4      | Killed a phantom
  2946 | D:4      | Reached skill level 6 in Unarmed Combat
  3186 | D:5      | Entered Level 5 of the Dungeon
  3264 | D:5      | XOM: enchant monster (good)
  3266 | D:5      | Found a sand-covered staircase.
  3275 | Ossuary  | Entered an ossuary
  3404 | Ossuary  | Reached XP level 7. HP: 38/46 MP: 7/7
  3431 | Ossuary  | Reached skill level 7 in Unarmed Combat
  3442 | Ossuary  | Noticed kalagan's ghost (amateur VSNe)
  3465 | Ossuary  | Killed from afar by kalagan's ghost

Skill      XL: |  1  2  3  4  5  6  7 |
---------------+----------------------+-----
Unarmed Combat | 4 5 6 7 |  7.0
Stealth        | 4 5 |  5.1
Fighting       | |  3.0
Dodging        | |  2.3

Action                   |  1- 3 |  4- 6 |  7- 9 || total
-------------------------+-------+-------+-------++-------
Melee: Unarmed           |   101 |   114 |    11 ||   226
       Constrict         |    26 |    22 |     1 ||    49
       Punch             |     2 |     4 |       ||     6
       Tentacles         |    13 |    23 |     4 ||    40
       Club              |       |     3 |       ||     3
Throw: Tomahawk          |     7 |     4 |       ||    11
Evoke: Wand              |       |     2 |     2 ||     4
  Use: Scroll            |       |     4 |       ||     4
 Stab: Sleeping          |     5 |     6 |     1 ||    12
       Distracted        |     1 |       |       ||     1
  Eat: Chunk             |     1 |     5 |       ||     6
       Fruit             |       |     1 |       ||     1
Armor: Skin              |     4 |     3 |       ||     7
Dodge: Dodged            |    60 |    63 |     7 ||   130
